 Dungeon Crawl Stone Soup version 0.31.0-4-g52a2dc7128 (webtiles) character file.

Game seed: 2687439401660128601

581 Arctor the Shooter (level 7, -2/41 HPs)
             Began as a Kobold Hexslinger on Jan 23, 2024.
             Was an Initiate of Makhleb.
             Slain by a gnoll
             ... wielding a +0 halberd
             ... led by a gnoll bouda
              (10 damage)
             ... on level 4 of the Dungeon.
             The game lasted 00:04:05 (2707 turns).

Arctor the Shooter (Kobold Hexslinger)              Turns: 2707, Time: 00:04:06

Health: -2/41      AC:  6    Str:  5    XL:     7   Next: 63%
Magic:  11/11      EV: 17    Int: 14    God:    Makhleb [......]
Gold:   87         SH:  0    Dex: 20    Spells: 7/12 levels left

rFire   . . .        a - +2 sling
rCold   . . .        (no shield)
rNeg    . . .        c - +0 robe
rPois   .            m - +0 hat
rElec   .            d - +1 cloak
rCorr   .            i - +0 pair of gloves
SInv    .            j - +0 pair of boots
Will    .....        g - amulet of magic regeneration
Stlth   +++          e - ring of flight
HPRegen 0.26/turn    (no ring)
MPRegen 0.52/turn

%: no passive effects
@: weak-willed, jinxed, flying
A: small, no large weapons, nightstalker 3
a: Renounce Religion


You were on level 4 of the Dungeon.
You worshipped Makhleb.
Makhleb was noncommittal.
You visited 1 branch of the dungeon, and saw 4 of its levels.
You also visited: Sewer.

You collected 87 gold pieces.

Inventory:

Hand Weapons
 a - a +2 sling (weapon)
Armour
 c - a +0 robe (worn)
 d - a +1 cloak (worn)
 i - a +0 pair of gloves (worn)
 j - a +0 pair of boots (worn)
 m - a +0 hat (worn)
Jewellery
 e - a ring of flight (left hand)
 g - an amulet of magic regeneration (around neck)
Wands
 f - a wand of charming (10)
Scrolls
 b - a scroll of poison
 h - a scroll of silence
 n - a scroll of revelation
 p - a scroll of fear {unknown}
Potions
 k - 2 potions of resistance {unknown}
 l - a potion of lignification {unknown}
 o - a potion of heal wounds
 q - a potion of mutation {unknown}


   Skills:
 + Level 3.5 Fighting
 + Level 4.9 Ranged Weapons
 + Level 4.4 Dodging
 + Level 1.2 Stealth
 + Level 3.2 Spellcasting
 + Level 4.2 Hexes
 - Level 2.7 Fire Magic


You had 7 spell levels left.
You knew the following spells:

 Your Spells              Type           Power      Damage    Failure   Level
a - Jinxbite              Hex            28%        N/A       5%          2
b - Sigil of Binding      Hex            14%        N/A       11%         3

Your spell library contained the following spells:

 Spells                   Type           Power      Damage    Failure   Level
 Inner Flame              Hex/Fire       12%        N/A       16%         3
 Freeze                   Ice            8%         1d3       22%         1
 Sandblast                Erth           4%         2d4       22%         1
 Cause Fear               Hex            7%         N/A       36%         4
 Frozen Ramparts          Ice            4%         1d1       54%         3
 Hailstorm                Conj/Ice       2%         3d5       54%         3
 Passwall                 Erth           2%         N/A       54%         3
 Stone Arrow              Conj/Erth      4%         3d7       54%         3
 Summon Ice Beast         Ice/Summ       2%         N/A       54%         3
 Dimensional Bullseye     Hex/Tloc       4%         N/A       65%         4
 Flame Wave               Conj/Fire      6%         2d5       75%         4
 Sticky Flame             Fire/Alch      6%         2d4       75%         4
 Brom's Barrelling Bould  Conj/Erth      2%         2d3       91%         4
 Sculpt Simulacrum        Ice/Alch       1%         N/A       100%        6


Dungeon Overview and Level Annotations

Branches:
Dungeon (4/15)              Sewer (visited)
 Temple: D:4-7

Altars:
Ashenzari
Makhleb


Innate Abilities, Weirdness & Mutations

You are small and have problems with some larger weapons.
You are completely attuned to the shadows.


Message History

The gnoll is moderately wounded.
Your attacks no longer feel as feeble.
The gnoll bouda completely misses you. The gnoll misses you.
You shoot a sling bullet. The sling bullet hits the gnoll bouda.
You kill the gnoll bouda!
Makhleb accepts your kill. The gnoll closely misses you.
The gnoll barely misses you.
Unknown command.
You shoot a sling bullet. The sling bullet hits the gnoll.
The gnoll is almost dead.
The gnoll closely misses you. The gnoll barely misses you.
The gnoll hits you with a +0 club. The gnoll closely misses you.
You shoot a sling bullet. The sling bullet hits the gnoll.
The gnoll is almost dead.
The gnoll misses you. x2
The gnoll hits you from afar with a +0 halberd!
A gnoll comes into view. It is wielding a +0 spear.
Your magical contamination has completely faded away.
You shoot a sling bullet.
The sling bullet hits the gnoll but does no damage.
The gnoll is almost dead.
The gnoll completely misses you. The gnoll hits you with a +0 club.
The gnoll barely misses you. The gnoll misses you.
Casting: Jinxbite (safe; 5% risk of failure)
Confirm with . or Enter, or press ? or * to list all spells.
You beckon some vexing sprites to accompany your attacks.
You feel your willpower being sapped. The gnoll hits you with a +0 club.
The gnoll hits you from afar with a +0 halberd!
The gnoll barely misses you.
Unknown command.
The gnoll attacks as it pursues you!
The gnoll hits you from afar with a +0 halberd.
* * * LOW HITPOINT WARNING * * *
The gnoll hits you with a +0 club.
* * * LOW HITPOINT WARNING * * *
The gnoll misses you. The gnoll attacks as it pursues you!
The gnoll hits you but does no damage. The gnoll attacks as it pursues you!
The gnoll hits you from afar with a +0 halberd!
You die...

#.# #.#.##
#.#..# #.##.#
#<##.#
#.##.###..
#.@gg.ggg.
#......###gg.
#.####..# ..
. ##..g . ##.


You could see 4 gnolls.

Vanquished Creatures
  Pargi (Sewer)
  A phantom (D:3)
  2 brain worms (Sewer)
  A gnoll bouda (D:4)
  Jessica (D:2)
  An iguana (D:2)
  Terence (D:3)
  5 gnolls
  4 adders
  4 river rats (D:3)
  3 dart slugs
  3 ribbon worms (D:3)
  5 ball pythons
  3 endoplasms (D:1)
  4 giant cockroaches
  8 goblins
  2 hobgoblins (D:3)
  4 jackals (D:1)
  2 kobolds
  2 quokkas (D:1)
  5 bats
  7 frilled lizards
  5 rats
74 creatures vanquished.

Notes
Turn   | Place    | Note
-------+----------+-------------------------------------------
     0 | D:1      | Arctor the Kobold Hexslinger began the quest for the Orb.
     0 | D:1      | Reached XP level 1. HP: 12/12 MP: 2/2
    78 | D:1      | Reached XP level 2. HP: 16/16 MP: 3/3
   161 | D:1      | Reached XP level 3. HP: 20/20 MP: 5/5
   379 | D:1      | Learned a level 2 spell: Jinxbite
   923 | D:2      | Noticed Jessica
   935 | D:2      | Killed Jessica
   936 | D:2      | Reached XP level 4. HP: 13/26 MP: 3/6
  1111 | D:2      | Reached XP level 5. HP: 30/30 MP: 3/8
  1174 | D:2      | Found a broken altar of Ashenzari.
  1437 | D:3      | Noticed Terence
  1451 | D:3      | Killed Terence
  1531 | D:3      | Reached XP level 6. HP: 25/36 MP: 9/9
  1622 | D:3      | Found a glowing drain.
  1628 | Sewer    | Entered a sewer
  1725 | Sewer    | Noticed Pargi
  1753 | Sewer    | Killed Pargi
  1754 | Sewer    | Reached XP level 7. HP: 13/41 MP: 6/11
  2284 | D:3      | Found a broken altar of Ashenzari.
  2389 | D:3      | Learned a level 3 spell: Sigil of Binding
  2472 | D:3      | Found a burning altar of Makhleb.
  2477 | D:3      | Became a worshipper of Makhleb the Destroyer
  2560 | D:3      | Reached skill level 1 in Stealth
  2707 | D:4      | Slain by a gnoll

Illustrated notes

Levels and vault maps discovered:
D:1:      scummos_arrival_simple_fountains, layout_basic, item_on_display_a
D:2:      layout_basic, basic_altar, minivault_27, minmay_tetromino_i4,
          uniq_jessica
D:3:      layout_rooms, mainiacjoe_overflow_boulevard,
          mainiacjoe_overflow_small_starburst, lightli_sewer_entry_pipes,
          lightli_corner_chamber, uniq_terence
D:4:      layout_rooms, uniq_grinder

Skill      XL: |  1  2  3  4  5  6  7 |
---------------+----------------------+-----
Ranged Weapons | 3 4 |  4.9
Dodging        | 3 4 |  4.4
Fighting       | 2 3 |  3.5
Spellcasting   | 2 3 |  3.2
Fire Magic     | 2 |  2.7
Hexes          | 4 |  4.2
Stealth        | 1 |  1.2

Action                     |  1- 3 |  4- 6 |  7- 9 || total
---------------------------+-------+-------+-------++-------
   Fire: Sling             |    76 |   103 |    78 ||   257
   Cast: Jinxbite          |     1 |     8 |     5 ||    14
    Use: Scroll            |     1 |       |     4 ||     5
         Potion            |       |     2 |       ||     2
 Armour: Robe              |    16 |    52 |    20 ||    88
  Dodge: Dodged            |    33 |   117 |    45 ||   195
